 Dungeon Crawl Stone Soup version 0.30.0-5-g1a98f26d00 (webtiles) character file.

Game seed: 8313055239651536000

214 SnakkuSnakku7 the Insei (level 5, 0/20 (28) HPs)
             Began as a Vine Stalker Fire Elementalist on May 13, 2023.
             Succumbed to Crazy Yiuf's poison
             ... on level 3 of the Dungeon.
             The game lasted 00:04:36 (2694 turns).

SnakkuSnakku7 the Insei (VSFE)                      Turns: 2694, Time: 00:04:37

HP:   0/20 (28)     AC:  6    Str: 12    XL:     5   Next: 91%
MP:   1/9           EV: 10    Int: 15    God:
Gold: 189           SH:  0    Dex: 15    Spells: 7/8 levels left

rFire   . .          .
                       - Unarmed
rCold   . . .        (no shield)
rNeg    . . .        p - +0 ring mail
rPois   .            (no helmet)
rElec   .            (no cloak)
rCorr   .            j - +0 pair of gloves
SInv    .            (no boots)
Will    .....        (no amulet)
Stlth   +            (no ring)
HPRegen 1.03/turn    (no ring)
MPRegen 0.11/turn

%: guardian spirit
@: lethally poisoned (0 -> -2), very heavily drained
A: fangs 2, regeneration 1, magic shield, antimagic bite, no potion heal 2
a: no special abilities


You were on level 3 of the Dungeon.
You visited 1 branch of the dungeon, and saw 3 of its levels.

You collected 189 gold pieces.

Inventory:

Missiles
 s - a throwing net
Armour
 a - a +0 robe
 j - a +0 pair of gloves (worn)
 p - a +0 ring mail (worn)
Jewellery
 x - a +6 ring of dexterity
Wands
 v - a wand of charming (14)
Scrolls
 c - 3 scrolls of teleportation {unknown}
 d - 3 scrolls of magic mapping {unknown}
 f - 2 scrolls of brand weapon {unknown}
 g - 3 scrolls of identify {unknown}
 i - 2 scrolls of fog {unknown}
 l - a scroll of enchant armour {unknown}
 m - a scroll of fear {unknown}
 q - 3 scrolls of torment {unknown}
 r - 2 scrolls of noise {unknown}
 w - a scroll of immolation {unknown}
Potions
 b - a potion of magic
 e - 2 potions of brilliance {unknown}
 h - a potion of flight {unknown}
 k - a potion of berserk rage {unknown}
 n - a potion of resistance {unknown}
 o - a potion of heal wounds {unknown}
 t - a potion of haste {unknown}
 u - a potion of cancellation {unknown}


   Skills:
 + Level 3.4 Fighting
 - Level 1.5 Dodging
 - Level 2.4 Stealth
 + Level 3.7 Unarmed Combat
 - Level 2.1 Spellcasting
 - Level 1.0 Conjurations
 - Level 3.0 Fire Magic


You had 7 spell levels left.
You knew the following spells:

 Your Spells              Type           Power      Damage    Failure   Level
a - Foxfire               Conj/Fire      28%        2x1d5     22%         1

Your spell library contained the following spells:

 Spells                   Type           Power      Damage    Failure   Level
 Scorch                   Fire           20%        2d5       22%         2
 Necrotise                Necr           4%         1d4       45%         1
 Inner Flame              Hex/Fire       6%         N/A       63%         3
 Volatile Blastmotes      Fire/Tloc      12%        2d11      63%         3
 Dazzling Flash           Conj/Hex       6%         N/A       77%         3
 Vampiric Draining        Necr           1%         2d6       83%         3
 Flame Wave               Conj/Fire      7%         2d5       91%         4
 Iskenderun's Mystic Bla  Conj/Tloc      3%         2d3       99%         4
 Agony                    Necr           1%         N/A       100%        5
 Starburst                Conj/Fire      3%         6d3       100%        6


Dungeon Overview and Level Annotations

Branches:
Dungeon (3/15)

Altars:

Shops:
D:3 =

Annotations:
D:3 Crazy Yiuf


Innate Abilities, Weirdness & Mutations

You have extremely sharp teeth.
Your natural rate of healing is unusually fast.
When hurt, damage is shared between your health and your magic reserves.
Your bite disrupts and absorbs the magic of your enemies.
Potions cannot restore your health.


Message History

You kill the worm!
r - 2 scrolls labelled ERIREYK NYULE (gained 1)
You now have 189 gold pieces (gained 12).
You see here a +0 club.
Items here: )) [[.
Key pressed, stopping explore.
Crazy Yiuf shouts!
Could not explore, unopened runed door.
You open the door. You hit Crazy Yiuf but do no damage.
You bite Crazy Yiuf, but do no damage.
Crazy Yiuf hits you with a +3 quarterstaff of chaos!
Crazy Yiuf freezes you.
You hit Crazy Yiuf.
Crazy Yiuf is lightly wounded.
Crazy Yiuf hits you but does no damage.
You completely miss Crazy Yiuf.
Crazy Yiuf is lightly wounded.
Crazy Yiuf hits you with a +3 quarterstaff of chaos!
Ouch! That really hurt!
* * * LOW HITPOINT WARNING * * *
Crazy Yiuf burns you.
* * * LOW HITPOINT WARNING * * *
Aiming: Charm
Press: ? - help, Shift-Dir - straight line, f/p - Crazy Yiuf
Aim: Crazy Yiuf, wielding a +3 quarterstaff of chaos and wearing a +0 cloak (lightly wounded, chance to affect: 57%) Crazy Yiuf resists with significant effort.
Crazy Yiuf hits you but does no damage.
You easily resist.
Unknown command.
Aiming: Charm
Press: ? - help, Shift-Dir - straight line, f/p - Crazy Yiuf
Aim: Crazy Yiuf, wielding a +3 quarterstaff of chaos and wearing a +0 cloak (lightly wounded, chance to affect: 57%) Crazy Yiuf resists with significant effort.
Crazy Yiuf hits you with a +3 quarterstaff of chaos.
* * * LOW HITPOINT WARNING * * *
You are lethally poisoned!
Aiming: Charm
Press: ? - help, Shift-Dir - straight line, f/p - Crazy Yiuf
Aim: Crazy Yiuf, wielding a +3 quarterstaff of chaos and wearing a +0 cloak (lightly wounded, chance to affect: 57%) Crazy Yiuf resists with significant effort.
You die...

#.###.)................#.#.......
#.....)................#[#.......
#.....#................#.##..####
#.....##.###################.####
#....##### #.#.8. #....#####
#..... #........# ###
♣♣######.... .......### #)..#♣♣
♣♣..#.#...... .#.##.##
#...g@♣♣♣♣.......##... ......##
#...#♣..♣........##... .......##
### ♣♣♣.♣...##.##.... ...).#..##
♣♣♣♣♣###....... .....##..#
#........ .....##..##
############..#..###
....####..####.............#.## #
##### #.......####....##.##.# #
...# ##.##..##.......####..####


You could see Crazy Yiuf.

Vanquished Creatures
  Ijyb (D:3)
  4 gnolls
  7 adders
  A worm (D:3)
  A dart slug (D:2)
  3 orcs (D:3)
  6 endoplasms
  3 giant cockroaches
  7 hobgoblins
  4 jackals
  9 kobolds
  7 ball pythons
  8 bats
  8 frilled lizards
  8 goblins
  5 rats
82 creatures vanquished.

Notes
Turn   | Place    | Note
-------+----------+-------------------------------------------
     0 | D:1      | SnakkuSnakku7 the Vine Stalker Fire Elementalist began the
                  | quest for the Orb.
     0 | D:1      | Reached XP level 1. HP: 9/9 MP: 4/4
   192 | D:1      | Reached skill level 1 in Unarmed Combat
   192 | D:1      | Reached XP level 2. HP: 11/14 MP: 4/6
   224 | D:1      | Reached skill level 1 in Fighting
   803 | D:1      | Reached XP level 3. HP: 10/18 MP: 3/7
  1199 | D:2      | Gained mutation: Your natural rate of healing is unusually
                  | fast. [Vine Stalker growth]
  1199 | D:2      | Reached XP level 4. HP: 8/23 MP: 3/8
  1974 | D:3      | Noticed Ijyb
  2047 | D:3      | Reached XP level 5. HP: 22/27 MP: 5/9
  2052 | D:3      | Found Sarua's Jewellery Shop.
  2359 | D:3      | Killed Ijyb
  2479 | D:3      | Found a runed translucent door.
  2480 | D:3      | Noticed Crazy Yiuf
  2693 | D:3      | HP: 1/20 [Crazy Yiuf/+3 quarterstaff of chaos (5)]
  2694 | D:3      | Succumbed to Crazy Yiuf's poison

Illustrated notes

Levels and vault maps discovered:
D:1:      giann_forest_graveyard, layout_loops_ring, kennysheep_minor_cross,
          nrook_mini_vaults
D:2:      layout_basic
D:3:      minmay_chambers_of_threes, layout_rooms, serial_shops,
          nicolae_shop_statue_plus, uniq_ijyb, uniq_crazy_yiuf_cottage

Skill      XL: |  1  2  3  4  5 |
---------------+----------------+-----
Unarmed Combat | 1 2 3 |  3.7
Fighting       | 1 2 3 |  3.4
Dodging        | |  1.5
Stealth        | |  2.4
Spellcasting   | |  2.1
Conjurations   | |  1.0
Fire Magic     | |  3.0

Action                     |  1- 3 |  4- 6 || total
---------------------------+-------+-------++-------
  Melee: Unarmed           |   173 |   201 ||   374
         Bite              |    44 |    59 ||   103
         Punch             |     1 |     3 ||     4
  Evoke: Wand              |       |     3 ||     3
   Stab: Sleeping          |     5 |     1 ||     6
 Armour: Robe              |    38 |     1 ||    39
         Ring mail         |       |    82 ||    82
  Dodge: Dodged            |   122 |   111 ||   233
